Map: Lerilak Crest

Players

Rainman - Winner!

  • Race: Protoss Protoss
  • League: Grandmaster

Rengen

  • Race: Protoss Protoss
  • League: Master

VOD

Have the link to the VOD?

Description

Time

  • Played on: March 6, 2016, 9:31 p.m.
  • Length: 16:14
Show
View Real Time Build Order
Export as new Build Order

Rainman Protoss - Winner!

Build Orders: Blink Stalkers 

Get SALT Encoding   

  12  0:00  Probe (Chrono Boost)  
  13  0:11  Probe (Chrono Boost)  
  14  0:18  Pylon  
  14  0:22  Probe (Chrono Boost)  
  15  0:36  Probe (Chrono Boost)  
  15  0:37  Gateway  
  16  0:43  Assimilator  
  16  0:47  Probe (Chrono Boost)  
  17  0:52  Assimilator  
  17  0:58  Probe (Chrono Boost)  
  17  1:02  Pylon  
  18  1:08  Probe (Chrono Boost)  
  19  1:19  Probe (Chrono Boost)  
  19  1:24  Cybernetics Core  
  20  1:29  Probe (Chrono Boost)  
  21  1:39  Gateway  
  21  1:42  Probe (Chrono Boost)  
  22  1:53  Probe (Chrono Boost)  
  23  2:00  Warp Gate  
  23  2:04  Mothership Core (Chrono Boost)  
  23  2:07  Stalker  
  27  2:15  Pylon  
  27  2:22  Probe (Chrono Boost)  
  28  2:28  Stalker  
  30  2:33  Probe (Chrono Boost)  
  31  2:40  Stalker  
  32  2:48  Twilight Council  
  32  2:58  Stalker  
  32  3:04  Pylon  
  34  3:12  Stalker  
  36  3:26  Blink (Chrono Boost)  
  36  3:28  Stalker  
  38  3:37  Pylon  
  40  3:56  Gateway  
  40  4:03  Robotics Facility  
  36  4:23  Stalker x2  
  40  4:27  Gateway  
  40  4:51  Warp Prism (Chrono Boost), Stalker x2  
  46  4:56  Stalker  
  48  5:04  Pylon  
  48  5:24  Sentry x2  
  48  5:25  Immortal (Chrono Boost)  
  56  5:35  Stalker  
  50  5:58  Stalker  
  50  6:01  Immortal (Chrono Boost)  
  56  6:17  Stalker  
  56  6:18  Zealot, Stalker  
  60  6:34  Zealot  
  62  6:56  Pylon  
  62  6:58  Pylon  
  62  7:15  Immortal (Chrono Boost)  
  66  7:28  Nexus  
  66  7:30  Robotics Bay  
  66  7:45  Pylon  
  66  7:53  Immortal (Chrono Boost)  
  70  8:04  Stalker  
  72  8:16  Stalker  
  76  8:33  Disruptor (Chrono Boost)  
  76  8:38  Forge  
  74  8:56  Stalker  
  75  9:05  Observer (Chrono Boost)  
  75  9:08  Probe x2  
  78  9:20  Probe  
  76  9:32  Disruptor (Chrono Boost)  
  79  9:43  Photon Cannon, Probe  
  79  9:44  Probe  
  81  10:02  Assimilator  
  81  10:04  Photon Cannon  
  84  10:16  Robotics Facility  
  81  10:24  Probe, Pylon  
  77  10:43  Photon Cannon  
  77  10:46  Assimilator  
  77  10:51  Protoss Ground Weapons Level 1 (Chrono Boost), Probe  
  78  11:03  Probe  
  78  11:07  Pylon  
  80  11:14  Observer (Chrono Boost)  
  80  11:20  Probe x2  
  82  11:28  Templar Archives  
  82  11:30  Probe  
  82  11:32  Probe  
  84  11:34  Disruptor (Chrono Boost)  
  87  11:42  Probe  
  88  11:48  Pylon  
  88  11:52  Probe  
  89  12:03  Dark Shrine  
  89  12:10  Probe  
  89  12:11  Warp Prism  
  90  12:20  Pylon  
  90  12:22  Probe  
  93  12:40  Protoss Ground Weapons Level 2 (Chrono Boost)  
  93  12:59  Nexus  
  93  13:00  Pylon  
  93  13:12  Disruptor  
  92  13:46  Observer  
  92  13:49  High Templar x3  
  92  13:55  Archon  
  99  13:56  Gateway  
  99  13:57  Gateway  
  99  14:02  Disruptor  
  97  14:05  Assimilator  
  100  14:14  Assimilator  
  96  14:25  High Templar  
  96  14:26  High Templar x2  
  96  14:30  Archon  
  102  14:35  Observer  
  100  14:50  Robotics Facility  
  100  14:51  Disruptor  
  100  14:53  Gateway  
  100  14:56  Probe x3  
  100  14:58  Photon Cannon  
  106  15:08  Probe  
  107  15:15  High Templar  
  107  15:16  High Templar  
  107  15:17  Zealot x2, Probe  
  107  15:18  Zealot  
  107  15:19  Probe  
  107  15:20  Probe  
  120  15:25  Archon, Pylon  
  120  15:28  Observer  
  119  15:55  Adept  
  119  15:56  Adept x3  
  117  15:57  Stalker  
Show
View Real Time Build Order
Export as new Build Order

Rengen Protoss 

Build Orders:  

Get SALT Encoding   

  12  0:00  Probe (Chrono Boost)  
  13  0:11  Probe (Chrono Boost)  
  14  0:18  Pylon  
  14  0:22  Probe (Chrono Boost)  
  15  0:36  Probe (Chrono Boost)  
  15  0:37  Gateway  
  16  0:42  Assimilator  
  16  0:46  Probe (Chrono Boost)  
  17  0:51  Assimilator  
  17  0:57  Probe (Chrono Boost)  
  18  1:08  Probe (Chrono Boost)  
  19  1:17  Gateway  
  19  1:18  Probe (Chrono Boost)  
  20  1:24  Cybernetics Core  
  20  1:29  Probe (Chrono Boost)  
  21  1:39  Probe (Chrono Boost), Pylon  
  22  1:50  Probe (Chrono Boost)  
  24  2:05  Mothership Core (Chrono Boost), Stalker x2  
  29  2:15  Warp Gate (Chrono Boost)  
  29  2:38  Stalker  
  29  2:42  Pylon  
  30  3:00  Stalker  
  32  3:08  Probe, Stalker  
  35  3:26  Robotics Facility  
  35  3:30  Stalker  
  37  3:35  Pylon  
  37  4:04  Nexus  
  35  4:14  Stalker, Pylon  
  35  4:18  Probe (Chrono Boost)  
  35  4:19  Observer (Chrono Boost)  
  35  4:22  Pylon  
  37  4:26  Stalker  
  44  4:38  Immortal (Chrono Boost)  
  44  4:43  Stalker  
  45  4:51  Stalker  
  47  5:10  Gateway  
  47  5:12  Stalker  
  49  5:17  Stalker  
  51  5:25  Pylon  
  51  5:40  Stalker x2  
  51  6:01  Stalker x2  
  53  6:12  Mothership Core (Chrono Boost)  
  55  6:22  Sentry x2  
  59  6:31  Stalker  
  55  6:34  Stalker, Pylon  
  57  6:40  Pylon  
  56  6:56  Immortal (Chrono Boost)  
  56  6:57  Gateway  
  56  6:58  Sentry  
  62  7:07  Pylon  
  62  7:25  Pylon  
  62  7:47  Zealot x3  
  62  7:48  Twilight Council  
  68  7:57  Stalker  
  70  8:20  Pylon  
  64  8:29  Adept x2, Dark Shrine  
  68  8:37  Adept  
  70  9:02  Warp Prism (Chrono Boost)  
  68  9:29  Sentry x2  
  58  9:41  Dark Templar x2  
  62  9:54  Dark Templar  
  64  10:14  Nexus  
  58  10:38  Pylon  
  58  10:58  Nexus  
  58  11:06  Probe  
  59  11:20  Blink (Chrono Boost)  
  59  11:22  Probe  
  60  11:31  Probe  
  60  11:35  Probe  
  62  11:42  Probe  
  63  11:48  Pylon  
  63  11:51  Probe  
  64  11:57  Probe  
  64  11:58  Forge  
  65  12:03  Probe  
  65  12:08  Probe  
  66  12:09  Probe  
  66  12:13  Observer  
  66  12:15  Probe  
  70  12:18  Probe  
  71  12:22  Assimilator  
  71  12:23  Probe  
  71  12:25  Assimilator  
  71  12:27  Immortal  
  71  12:28  Immortal x2  
  72  12:31  Probe  
  72  12:32  Probe  
  72  12:34  Protoss Ground Weapons Level 1 (Chrono Boost)  
  72  12:36  Probe  
  73  12:45  Immortal  
  73  12:49  Probe  
  78  12:54  Dark Templar  
  80  13:02  Dark Templar x2  
  74  13:42  Probe, Dark Templar x2  
  74  13:44  Probe x2  
  74  13:46  Assimilator  
  81  13:52  Assimilator  
  81  13:53  Probe  
  81  13:54  Gateway, Pylon  
  82  13:56  Probe x2, Gateway  
  82  13:59  Pylon  
  84  14:03  Probe  
  84  14:08  Probe x2  
  87  14:13  Immortal  
  87  14:14  Probe  
  91  14:27  Stalker  
  91  14:28  Stalker x3  
  95  14:45  Robotics Facility  
  95  14:52  Immortal  
  99  14:53  Dark Templar  
  99  14:56  Pylon  
  99  14:59  Mothership Core, Pylon  
  103  15:01  Gateway  
  103  15:03  Pylon  
  103  15:13  Stalker x4  
  99  15:20  Pylon  
  99  15:23  Pylon  
  99  15:29  Pylon  
  99  15:30  Stalker  
  99  15:31  Stalker, Pylon  
  101  15:49  Stalker x3  
  102  15:50  Stalker  
  102  15:54  Stalker  
  102  15:55  Stalker  
Tags
 
Add a new tag
Caveats
  • Supply blocks, unpowered buildings, or Contaminate may cause inaccurate times.
  • Supply counts are checked every 10 seconds.